← All builds
Air / Cortex / Economy first / OBSERVED BUILD

Standard air

Cortex Air build order · Supreme Isthmus

The usual Cortex air game: Aircraft Plant just after the start, Advanced Metal Extractor around 7 minutes and Fusion Reactor around 11 minutes, making transports and fighters for the team while scaling economy normally.

Usually transports first (72%)

#eco #team support #air · 552 distinct matches · 116 players · 79% of Cortex Air games · team won 47% of 621 · Recently observed

HOW TO PLAY IT

Key timing: Aircraft Plant by 1:23

  1. Take 3 mex and open straight into Aircraft Plant.
  2. Finish Aircraft Plant, start pumping Valiant for escort duty.
  3. Get T2 constructor going to scale eco alongside air production.
  4. Add Advanced Metal Extractor to keep pace with team's economy.
  5. Bring Fusion Reactor online, keep making Hercules and Finch for allies.

Phase by phase

TYPICAL OF ITS 552 GAMES
  1. 1
  2. 2
  3. 3
PLAY THE OPENING

Follow the example game's first 6:00 step by step: what to build now, what comes next, and where it goes. At 1× it keeps pace with your own game.

  1. 1

    Up to the Aircraft Plant

    Economy
    • Metal Extractor3Mex
    • Wind Turbine4Wind
    Order
    1. Aircraft PlantAircraft Plant after 3 mex, 4 winddone ~1:22, middle half 1:13–1:35

    Some games also: energy storage (38%)

    By 1:03 in all: 3 mex · 4 wind

    The example game in this phase · 5 steps
    1. Mex ×3
    2. Wind ×4
    3. Energy storage
    4. Wind
    5. Aircraft PlantAircraft Plantdone 1:37 · typical 1:22
  2. 2

    Aircraft Plant to 5:00

    Economy
    • Metal Extractor1Mex
    • Wind Turbine9Wind
    • Wind Turbine3Wind
    Builders
    • Construction Turret2 Con turret
    • Construction Aircraft1 Con aircraft
    Army
    • Valiant5 Valiant
    • Finch2 Finch for allies
    • Hercules2 Light transport for allies
    • Hephaestus1 Heavy transport for allies
    • Shuriken1 Shuriken

    Some games also: energy storage (45%) · light transport (44%) · converter (39%) · con turret (33%)

    By 5:00 in all: 3 mex · 1 mex · 13 wind · 3 wind · 1 energy storage · 2 con turret

    The example game in this phase · 25 steps
    1. FinchFinch ×2for Beach sea
    2. HerculesLight transport ×2for Geo sea
    3. FinchFinch
    4. ShurikenShuriken
    5. Wind
    6. FinchFinch
    7. ValiantValiant
    8. Wind ×2
    9. ValiantValiant
    10. Wind ×3
    11. ValiantValiant
    12. FinchFinch
    13. Mex
    14. ValiantValiant ×3
    15. Construction AircraftCon aircraft
    16. FinchFinch
    17. Wind
    18. Construction AircraftCon aircraft
    19. HerculesLight transportfor Tech
    20. Con turret
    21. Wind
    22. HerculesLight transport ×2for Tech
    23. Wind
    24. Con turret
    25. Wind
  3. 3

    5:00 to 10:00

    Economy
    • Wind Turbine20Wind
    • Wind Turbine4Wind
    • Energy Converter6Converter
    Order
    1. Aircraft PlantAircraft Plant after 18 wind, 17 wind, 6 converterin 58% of games
    Builders
    • Construction Turret4 Con turret
    Army
    • Valiant9 Valiant
    • Shuriken1 Shuriken

    Some games also: con aircraft (36%) · fusion (33%) · light transport (31%)

    By 10:00 in all: 3 mex · 1 mex · 24 wind · 20 wind · 8 converter · 1 energy storage

    The example game in this phase · 365 steps
    1. Con turret
    2. Wind
    3. Converter
    4. Wind
    5. Converter
    6. Wind
    7. Converter
    8. Wind
    9. Converter
    10. Wind
    11. Converter
    12. Wind ×2
    13. Converter
    14. Wind
    15. Advanced Metal ExtractorT2 mexdone 6:27 · typical 6:50
    16. Wind
    17. Advanced Metal ExtractorT2 mex ×2
    18. Wind
    19. Advanced Metal ExtractorT2 mex
    20. Wind ×2
    21. Bot LabBot Labdone 7:43
    22. Con turret
    23. Construction BotCon bot ×5
    24. Wind
    25. Construction BotCon bot
    26. Wind
    27. Construction BotCon bot
    28. Wind
    29. Construction BotCon bot
    30. Wind ×2
    31. Construction BotCon bot
    32. Wind ×2
    33. Construction BotCon bot
    34. Wind ×2
    35. Construction BotCon bot
    36. Wind ×2
    37. Con turret
    38. Wind
    39. Con turret
    40. Wind ×5
    41. Aircraft PlantAircraft Plantdone 8:55
    42. Wind ×3
    43. ValiantValiant
    44. Wind ×4
    45. ValiantValiant
    46. Con turret ×2
    47. ValiantValiant
    48. Wind ×3
    49. Construction AircraftCon aircraft
    50. Wind ×3
    51. Converter
    52. ValiantValiant
    53. Wind ×3
    54. ValiantValiant
    55. Wind ×4
    56. Converter
    57. ValiantValiant
    58. Wind ×6
    59. ValiantValiant
    60. Wind
    61. Converter
    62. Wind
    63. ValiantValiant
    64. Wind ×4
    65. ValiantValiant
    66. Wind
    67. Converter
    68. Wind
    69. ValiantValiant ×2
    70. Wind ×2
    71. ValiantValiant
    72. Wind ×2
    73. ValiantValiant
    74. Wind ×2
    75. Converter
    76. Wind
    77. ValiantValiant
    78. Con turret ×2
    79. Wind
    80. Con turret
    81. Wind ×2
    82. ValiantValiant
    83. Con turret
    84. Wind ×3
    85. Con turret
    86. Wind
    87. ValiantValiant
    88. Wind ×3
    89. ValiantValiant
    90. Wind
    91. Converter
    92. Wind ×4
    93. ValiantValiant
    94. Converter
    95. ValiantValiant
    96. Wind ×2
    97. ValiantValiant
    98. Converter ×2
    99. Wind ×3
    100. ValiantValiant
    101. Wind ×2
    102. Converter
    103. ValiantValiant ×2
    104. Wind
    105. Converter
    106. ValiantValiant
    107. Wind ×3
    108. ValiantValiant
    109. Converter
    110. Wind
    111. ValiantValiant
    112. Wind
    113. ValiantValiant
    114. Converter
    115. Wind
    116. ValiantValiant
    117. Wind ×2
    118. ValiantValiant
    119. Wind ×2
    120. ValiantValiant
    121. Converter
    122. Wind
    123. ValiantValiant ×2
    124. Wind
    125. ValiantValiant
    126. Wind ×2
    127. Converter
    128. Wind ×2
    129. ValiantValiant ×2
    130. Wind ×2
    131. ValiantValiant ×2
    132. Wind
    133. Converter
    134. Wind
    135. ValiantValiant
    136. Wind ×3
    137. ValiantValiant
    138. Wind
    139. ValiantValiant
    140. Converter
    141. ValiantValiant
    142. Wind
    143. ValiantValiant
    144. Wind
    145. ValiantValiant
    146. Wind
    147. Converter
    148. Wind
    149. ValiantValiant
    150. Wind ×2
    151. ValiantValiant ×2
    152. Wind
    153. Converter
    154. ValiantValiant
    155. Wind ×2
    156. ValiantValiant
    157. Converter
    158. Wind
    159. ValiantValiant
    160. Converter
    161. Wind ×2
    162. ValiantValiant
    163. Wind
    164. ValiantValiant ×2
    165. Converter ×2
    166. Wind
    167. ValiantValiant
    168. Wind ×2
    169. ValiantValiant
    170. Wind ×3
    171. ValiantValiant
    172. Converter
    173. Wind
    174. ValiantValiant
    175. Wind
    176. Converter ×2
    177. ValiantValiant
    178. Wind ×5
    179. ValiantValiant
    180. Wind
    181. Converter
    182. Wind
    183. Converter
    184. ValiantValiant
    185. Wind
    186. Converter ×2
    187. ValiantValiant
    188. Wind ×3
    189. Converter
    190. ValiantValiant
    191. Converter ×2
    192. Wind
    193. ValiantValiant
    194. Wind ×2
    195. Converter ×2
    196. ShurikenShuriken ×2
    197. Converter
    198. Wind ×3
    199. ShurikenShuriken
    200. Wind
    201. Converter ×2
    202. ShurikenShuriken
    203. Wind ×2
    204. ShurikenShuriken
    205. Wind
    206. Converter
    207. ShurikenShuriken
    208. Wind ×4
    209. ShurikenShuriken
    210. Wind
    211. Converter
    212. Wind
    213. ShurikenShuriken
    214. Wind ×2
    215. ShurikenShuriken
    216. Converter
    217. Wind
    218. ShurikenShuriken
    219. Wind ×3
    220. Converter
    221. Wind
    222. ShurikenShuriken
    223. Wind
    224. ShurikenShuriken
    225. Wind
    226. Converter
    227. Wind
    228. ShurikenShuriken
    229. Wind
    230. ShurikenShuriken
    231. Wind
    232. Converter
    233. ShurikenShuriken
    234. Wind ×4
    235. HerculesLight transport
    236. Wind
    237. ShurikenShuriken
    238. Converter
    239. Wind
    240. ShurikenShuriken
    241. Wind ×2
    242. ShurikenShuriken
    243. Converter
    244. Wind
    245. ShurikenShuriken
    246. Wind
    247. Converter
    248. ShurikenShuriken
    249. Wind ×2
    250. ValiantValiant
    251. Wind ×2
    252. ShurikenShuriken ×2
    253. Wind
    254. ShurikenShuriken
    255. Wind ×2
    256. ShurikenShuriken
    257. Wind
    258. ShurikenShuriken
    259. Wind
    260. ValiantValiant
    261. Wind ×2
    262. Converter
    263. Wind
    264. ValiantValiant
    265. Wind ×2
    266. ValiantValiant
    267. Wind ×2
    268. ValiantValiant
    269. Wind
    270. ValiantValiant
    271. Wind
    272. Converter
    273. ValiantValiant
    274. Wind ×4
    275. ValiantValiant
    276. Converter
    277. Wind ×2
    278. ValiantValiant
    279. Wind
    280. Converter
    281. Wind
    282. ValiantValiant
    283. Wind
    284. Converter
    285. Wind ×2
    286. ValiantValiant
    287. Converter
    288. Wind ×2
    289. ValiantValiant
    290. Wind
    291. Converter
    292. Wind
    293. Converter
    294. ValiantValiant
    295. Wind ×2
    296. Converter
    297. ValiantValiant
    298. Wind
    299. ValiantValiant
    300. Wind
    301. ShurikenShuriken
    302. Converter
    303. ShurikenShuriken
    304. Wind
    305. ShurikenShuriken
    306. Wind
    307. ShurikenShuriken
    308. Converter
    309. Wind
    310. ShurikenShuriken ×2
    311. Wind
    312. Converter
    313. ShurikenShuriken
    314. Wind
    315. ShurikenShuriken
    316. Wind
    317. ShurikenShuriken ×2
    318. Wind
    319. Converter
    320. ShurikenShuriken ×2
    321. Wind
    322. ShurikenShuriken
    323. Wind
    324. ShurikenShuriken
    325. Wind
    326. Converter
    327. ShurikenShuriken
    328. Wind
    329. ShurikenShuriken ×2
    330. Wind ×2
    331. Converter
    332. ShurikenShuriken
    333. Wind
    334. ShurikenShuriken
    335. Wind
    336. ShurikenShuriken
    337. Converter
    338. Wind
    339. ValiantValiant ×2
    340. Wind
    341. Converter
    342. ValiantValiant
    343. Converter
    344. Wind
    345. ValiantValiant
    346. Wind
    347. ValiantValiant
    348. Converter
    349. Wind
    350. ValiantValiant
    351. Converter
    352. Wind
    353. ValiantValiant
    354. Converter
    355. ValiantValiant
    356. Wind
    357. Converter
    358. Fusion ReactorFusionnot finished by 15:00 · typical 10:56
    359. Wind ×4
    360. Converter
    361. Wind
    362. Converter
    363. Wind ×2
    364. Converter
    365. Wind ×4

Counts are medians over the build's games: half of them build more, half fewer. The example game is FakeOS's (35 OS, 05/09/2026); pick another.

Team trades

IN AT LEAST 30% OF ITS GAMES

You hand over

  • Finch2 Finch to Geo sea or Beach seafirst at 1:51 · in 96% of games
  • Hercules3 Light transport to Tech or Geo sea or Geofirst at 2:06 · in 99% of games
  • Hephaestus1 Heavy transport to Beach sea or Pond or Techfirst at 2:25 · in 75% of games

You get

  • Wind Turbine3 Wind from Beach sea or Geo seafirst at 1:40 · in 65% of games
  • Wind Turbine3 Wind from Beach sea or Geo sea or Pondfirst at 1:44 · in 48% of games
  • Construction Bot1 Con bot from Techfirst at 2:20 · in 85% of games
  • Advanced Construction Bot1 T2 con bot from Techfirst at 6:03 · in 94% of games

How it plays out

Typical game of this build, running totals by minute

Metal produced

010k20k30k
0:005:0010:0015:00

metal

Enemy metal destroyed

01k2k3k
0:005:0010:0015:00

metal

Own metal lost

01k2k3k
0:005:0010:0015:00

metal

621 games.

Show as table
ByMetal produced: This buildEnemy metal destroyed: This buildOwn metal lost: This build
1:0039300
2:0092500
3:00145800
4:002053051
5:00276573109
6:003763125167
7:005136190219
8:007019223290
9:009335256341
10:0011795327471
11:0014399440641
12:0017100607960
13:00199489321269
14:002266414091805
15:002555520592701
WHAT THE NUMBERS SAY

This is the role's standard support job, winning less than half its games while producing little combat impact but reliably feeding transports and scouts to teammates.

  • + Reaches Aircraft Plant almost immediately (1:23), fast T2 constructor by 5:58.
  • + Keeps own losses low (2789 by 15:00) versus other roles.
  • − Destroys only 2027 enemy metal by 15:00, minimal combat contribution.
  • − Fusion Reactor only completes in 57% of games, some games stall on eco.
THE EXAMPLE YOU ARE READING

FakeOS

35.1 OS · 05/09/2026

Open source match ↗

5 received units · includes a constructor
382 metal received · 57287 energy received

Allied construction assistance is unknown. Timings are observations, not a promise of solo reproducibility.

Typical milestones

Aircraft Plant1:22Middle 50%: 1:13–1:35 · n=621
Advanced Metal Extractor6:50Middle 50%: 6:21–7:26 · n=596
Fusion Reactor10:56Middle 50%: 10:03–12:17 · n=381

Played most by

DRM37games of this buildAdeus33games of this buildCentientWaffle32games of this buildNutzz28games of this buildImmort26games of this build
Standard air · Cortex Air build order · BAR Build Atlas